 Dungeon Crawl Stone Soup version 0.22.0-6-g71bd7aa6b3 (webtiles) character file.

59 Rerark the Skirmisher (level 3, -4/37 HPs)
             Began as a Troll Fighter on Aug 15, 2018.
             Killed from afar by Natasha (7 damage)
             ... with a magic dart
             ... on level 2 of the Dungeon.
             The game lasted 00:07:10 (1673 turns).

Rerark the Skirmisher (Troll Fighter)               Turns: 1673, Time: 00:07:11

Health: -4/37      AC:  5    Str: 25    XL:     3   Next: 78%
Magic:  2/2        EV:  8    Int:  4    God:
Gold:   106        SH:  9    Dex:  9    Spells: 2/2 levels left

rFire    x . .     SeeInvis .   a - +0 flail
rCold    + . .     Gourm    +   c - +0 shield
rNeg     . . .     Faith    .   b - +0 robe
rPois    .         Spirit   .   (helmet restricted)
rElec    .         Reflect  .   (no cloak)
rCorr    .         Harm     .   (gloves unavailable)
MR       .....     Rnd*Tele +   (boots unavailable)
Stlth    +.........             (no amulet)
HPRegen  0.52/turn              h - ring of ice
MPRegen  0.08/turn              i - ring of teleportation

@: slowed, very slow
A: large, unfitting armour, claws 3, fast metabolism 3, gourmand, regeneration
1, shaggy fur 1, tough skin 2
a: no special abilities


You were on level 2 of the Dungeon.
You were not hungry.

You visited 1 branch of the dungeon, and saw 2 of its levels.

You collected 106 gold pieces.

Inventory:

Hand Weapons
 a - a +0 flail (weapon)
Armour
 b - a +0 robe (worn)
 c - a +0 shield (worn)
 j - a +0 shield
Jewellery
 h - a ring of ice (left claw)
 i - a ring of teleportation (right claw)
Scrolls
 g - 2 scrolls of identify {unknown}
 k - a scroll of immolation {unknown}
 m - a scroll of teleportation {unknown}
 n - a scroll of fear {unknown}
 o - a scroll of enchant armour
Potions
 d - a potion of might
 e - 5 potions of curing {unknown}
 l - a potion of heal wounds {unknown}
Comestibles
 f - 3 rations


   Skills:
 + Level 3.0 Fighting
 + Level 2.5 Maces & Flails
 + Level 2.7 Dodging
 + Level 2.8 Shields


You had 2 spell levels left.
You didn't know any spells.
Your spell library was empty.

Dungeon Overview and Level Annotations

Branches:
Dungeon (2/15)

Altars:

Annotations:
D:2 Natasha


Innate Abilities, Weirdness & Mutations

You are too large for most types of armour.
You have claws for hands.
Your metabolism is lightning-fast.
You like to eat raw meat.
Your natural rate of healing is unusually fast.
You are covered in fur. (AC +1)
You have very tough skin. (AC +2)


Message History

You resist with significant effort.
You barely miss Natasha.
Natasha is almost dead.
You block Natasha's attack.
Natasha casts a spell.
The shadow imp shouts, "Get thee hence, thou paunchy dread-bolted erk!"
You eat one of the 4 rations.
That ration really hit the spot!
Natasha closely misses you.
Natasha stares at you and mumbles some strange words.
The magic dart hits you!
* * * LOW HITPOINT WARNING * * *
There is a stone staircase leading down here.
Natasha mumbles some strange words.
You feel disoriented. Natasha closely misses you.
The shadow imp puffs mist at you.
The white imp shouts, "Scamper home, thou surly beef-witted crab-lanthorn!"
Natasha stares at you and mumbles some strange words.
The magic dart hits you!
You die...

#.........#...#
#.........##..#
#.........##..#
#.#'#.....###.#
#.#.####### #.##
..#.# #.5#
##.#.# #.5#
.##.# ##h# #.#
#@# #.# #.# ...
#.# #.#
###.##########
#.
..#............#
#.
..#.#.########.#
#. ..#.#.# #.#
#. +#.#.#.# #.#


You could see Natasha, a white imp and a shadow imp.

Vanquished Creatures
  2 adders (D:2)
  A worm (D:2)
  A dart slug (D:1)
  A giant cockroach (D:1)
  7 goblins
  6 hobgoblins
  2 jackals (D:2)
  8 bats
  3 frilled lizards (D:2)
  2 kobolds (D:2)
  2 rats (D:1)
35 creatures vanquished.

Vanquished Creatures (others)
  A goblin (D:1)
  A kobold (D:1)
2 creatures vanquished.

Grand Total: 37 creatures vanquished

Notes
Turn   | Place    | Note
-------+----------+-------------------------------------------
     0 | D:1      | Rerark the Troll Fighter began the quest for the Orb.
     0 | D:1      | Reached XP level 1. HP: 22/22 MP: 0/0
   367 | D:1      | Reached XP level 2. HP: 29/29 MP: 1/1
  1062 | D:2      | Noticed Natasha
  1089 | D:2      | HP: 1/29 [Natasha (4)]
  1277 | D:2      | Reached XP level 3. HP: 31/36 MP: 2/2
  1319 | D:2      | Reached skill level 3 in Fighting
  1670 | D:2      | HP: 1/37 [Natasha/magic dart (9)]
  1673 | D:2      | Killed from afar by Natasha

Skill      XL: |  1  2  3 |
---------------+----------+-----
Maces & Flails | 2 |  2.5
Fighting       | 3 |  3.0
Dodging        | |  2.7
Shields        | |  2.8

Action                   || total
-------------------------++-------
Melee: Flail             ||   137
  Use: Scroll            ||     2
  Eat: Chunk             ||     6
       Ration            ||     3
Armor: Robe              ||    78
Dodge: Dodged            ||    70
Block: Shield            ||    93
